 Dungeon Crawl Stone Soup version 0.22-a0-553-g9358b0b (webtiles) character file.

22 iamserjio the Insei (level 2, 0/26 HPs)
             Began as a Draconian Monk on June 25, 2018.
             Slain by a kobold
             ... wielding a +0 short sword of flaming
              (3 damage)
             ... on level 2 of the Dungeon.
             The game lasted 00:01:33 (244 turns).

iamserjio the Insei (Draconian Monk)                 Turns: 244, Time: 00:01:34

Health: 0/26       AC:  4    Str: 13    XL:     2   Next: 68%
Magic:  2/2        EV: 13    Int: 10    God:
Gold:   26         SH:  0    Dex: 13    Spells: 1/1 levels left

rFire    . . .     SeeInvis .     - Unarmed
rCold    . . .     Gourm    .   (no shield)
rNeg     . . .     Faith    .   (armour unavailable)
rPois    .         Spirit   .   (helmet restricted)
rElec    .         Reflect  .   (no cloak)
rCorr    .         Harm     .   (no gloves)
MR       .....                  (no boots)
Stlth    +.........             c - amulet of rage
HPRegen  0.08/turn              d - ring of loudness (curse)
MPRegen  0.08/turn              (no ring)

@: no status effects
A: unfitting armour, cold-blooded, AC +4
a: Evoke Berserk Rage


You were on level 2 of the Dungeon.
You were not hungry.

You visited 1 branch of the dungeon, and saw 2 of its levels.

You collected 26 gold pieces.

Inventory:

Jewellery
 c - an amulet of rage (around neck)
 d - a cursed ring of loudness (left hand)
Scrolls
 b - a scroll of identify {unknown}
Potions
 e - a potion of heal wounds {unknown}
Comestibles
 a - 4 rations


   Skills:
 - Level 3.2 Fighting
 - Level 2.6 Dodging
 - Level 1.7 Stealth
 * Level 4.0 Unarmed Combat


You had one spell level left.
You didn't know any spells.
Your spell library was empty.

Dungeon Overview and Level Annotations

Branches:
Dungeon (2/15)

Altars:


Innate Abilities, Weirdness & Mutations

Your plain brown scales are hard. (AC +4)
You cannot fit into any form of body armour.
You are cold-blooded and may be slowed by cold attacks.


Message History

You hit the goblin.
The goblin is heavily wounded.
The goblin barely misses you.
You hit the goblin.
You kill the goblin!
You hit the kobold but do no damage. The kobold hits you but does no damage.
You closely miss the kobold. The kobold hits you but does no damage.
You hit the kobold but do no damage. The kobold barely misses you.
You closely miss the kobold. The kobold closely misses you.
You barely miss the kobold. The kobold hits you with a dagger.
You completely miss the kobold.
Your tail-slap misses the kobold.
The kobold hits you with a dagger.
You punch the kobold!
You kill the kobold!
You hit the kobold.
The kobold is severely wounded.
The kobold hits you with a short sword of flaming!
* * * LOW HITPOINT WARNING * * *
The kobold burns you.
You die...

##### #...## .###.## ##
##.# # #.#
################## #
##.###......(@Kl.......
.#
#......########(.......
....####..# #........
.#### #..# #........ .#
#.... ..$...... #.
...#.# #........ ##.
....#.# #........ #
..... . #........
##..####### ##
#.......$


You could see a kobold and a frilled lizard.

Vanquished Creatures
  A worm (D:2)
  A dart slug (D:1)
  2 bats (D:2)
  2 goblins
  4 jackals (D:2)
  A quokka (D:2)
  A frilled lizard (D:2)
  2 kobolds (D:2)
  2 rats (D:2)
16 creatures vanquished.

Notes
Turn   | Place    | Note
-------+----------+-------------------------------------------
     0 | D:1      | iamserjio the Draconian Monk began the quest for the Orb.
     0 | D:1      | Reached XP level 1. HP: 19/19 MP: 1/1
   143 | D:2      | Reached XP level 2. HP: 26/26 MP: 2/2
   191 | D:2      | Reached skill level 4 in Unarmed Combat
   244 | D:2      | Slain by a kobold

Vault maps used:
D:1:      ebering_trefoil_3fold
D:2:      cheibrodos_old_hovel, gammafunk_temple_overflow_statue

Skill      XL: |  1  2 |
---------------+-------+-----
Unarmed Combat | 4 |  4.0
Fighting       | |  3.2
Dodging        | |  2.6
Stealth        | |  1.7

Action                   || total
-------------------------++-------
Melee: Unarmed           ||    50
       Tailslap          ||     4
       Punch             ||     1
Armor: Skin              ||    16
Dodge: Dodged            ||    33

Table legend:
 A = Spawn XP
 B = Non-spawn XP
 C = Spawn XP percentage of total XP
 D = Spawn monster count
 E = Non-spawn monster count
 F = Spawn count percentage of total count
 G = Total turns spent on level
                    A         B        C        D         E        F      G
               +---------+---------+-------+---------+---------+-------+---------
         Total |       0 |      32 |   0.0 |       0 |      16 |   0.0 |   244
               +---------+---------+-------+---------+---------+-------+---------
           D:1 |       0 |       6 |   0.0 |       0 |       2 |   0.0 |    68
           D:2 |       0 |      26 |   0.0 |       0 |      14 |   0.0 |   176
               +---------+---------+-------+---------+---------+-------+---------
